 Dungeon Crawl Stone Soup version 0.28-a0-1404-g4df0f3684d (webtiles) character file.

Game seed: 15621620884066728997

4559 dracfodder the Frost Mage (level 10, -7/75 HPs)
             Began as a White Draconian Ice Elementalist on Jan 5, 2022.
             Was a Follower of Sif Muna.
             Killed from afar by an electric eel (11 damage)
             ... with a bolt of electricity
             ... on level 8 of the Dungeon.
             The game lasted 01:07:31 (8696 turns).

dracfodder the Frost Mage (DrIE)                    Turns: 8696, Time: 01:07:31

Health: -7/75      AC: 10    Str: 10    XL:     10   Next: 18%
Magic:  19/23      EV: 27    Int: 20    God:    Sif Muna [*.....]
Gold:   514        SH:  0    Dex: 12    Spells: 11/27 levels left

rFire   . . .      SeeInvis .   b - +1 hunting sling (freeze)
rCold   + + +      Faith    .   (no shield)
rNeg    + . .      Spirit   .   (armour unavailable)
rPois   .          Reflect  .   (helmet restricted)
rElec   .          Harm     .   t - scarf {rC+ rF+}
rCorr   .          Rampage  .   (no gloves)
Will    .....                   h - +2 pair of boots
Stlth   ++........              i - amulet of the acrobat
HPRegen 0.22/turn               p - ring of ice
MPRegen 0.18/turn               y - ring of positive energy

@: acrobatic
A: breathe frost, AC +7, unfitting armour, cold resistance 1, cold-blooded,
mutation resistance 1
a: Breathe Frost, Renounce Religion, Channel Magic


You were on level 8 of the Dungeon.
You worshipped Sif Muna.
Sif Muna was aware of your devotion.
You visited 2 branches of the dungeon, and saw 9 of its levels.

You collected 647 gold pieces.
You spent 133 gold pieces at shops.

Inventory:

Hand Weapons
 a - a +1 spear
 b - a +1 hunting sling of freezing (weapon)
 C - the +3 whip of Courage {flame, rPois}
   (You found it on level 7 of the Dungeon)

   It burns those it strikes, dealing additional fire damage.
   rPois:     It protects you from poison.
Missiles
 d - 6 boomerangs of dispersal
 f - 134 arrows
 g - 199 stones (quivered ammo)
 l - 14 sling bullets
 r - 3 boomerangs
 s - 5 bolts
 w - 4 javelins
Armour
 e - a +0 cloak
 h - a +2 pair of boots (worn)
 t - a scarf of resistance (worn)
Jewellery
 i - an amulet of the acrobat (around neck)
 p - a ring of ice (left hand)
 y - a ring of positive energy (right hand)
Wands
 B - a wand of mindburst (15)
Scrolls
 c - a scroll of blinking {unknown}
 k - 2 scrolls of magic mapping
 q - 3 scrolls of identify
 x - 5 scrolls of teleportation
Potions
 m - a potion of haste
 n - a potion of berserk rage
 o - 2 potions of heal wounds
 u - a potion of flight
 v - 4 potions of curing
 z - a potion of invisibility
 A - a potion of cancellation


   Skills:
 + Level 2.9 Fighting
 + Level 3.6 Polearms
 + Level 2.6 Slings
 + Level 2.9 Dodging
 + Level 3.0 Stealth
 * Level 9.2 Spellcasting
 + Level 1.0 Conjurations
 + Level 1.7 Hexes
 * Level 11.3 Ice Magic


You had 11 spell levels left.
You knew the following spells:

 Your Spells              Type           Power      Damage    Failure   Level
a - Freeze                Ice            100%       1d11      1%          1
b - Ensorcelled Hibernat  Hex/Ice        100%       N/A       1%          2
c - Frozen Ramparts       Ice            100%       1d12      1%          3
d - Ozocubu's Armour      Ice            69%        N/A       1%          3
e - Hailstorm             Conj/Ice       50%        3d11      6%          4
f - Mephitic Cloud        Conj/Pois/Air  10%        N/A       21%         3

Your spell library contained the following spells:

 Spells                   Type           Power      Damage    Failure   Level
 Ice Form                 Ice/Tmut       47%        N/A       8%          4
 Static Discharge         Conj/Air       11%        N/A       9%          2
 Passwall                 Tmut/Erth      7%         N/A       12%         2
 Ignite Poison            Fire/Tmut/Pois 9%         N/A       22%         3
 Swiftness                Air            9%         N/A       22%         3
 Freezing Cloud           Conj/Ice/Air   19%        6-21      36%         5
 Fulminant Prism          Conj/Hex       7%         3d7       38%         4
 Dispersal                Tloc           4%         N/A       100%        6
 Statue Form              Tmut/Erth      6%         N/A       100%        6
 Disjunction              Tloc           4%         N/A       100%        8
 Ignition                 Fire           4%         3d4       100%        8


Dungeon Overview and Level Annotations

Branches:
Dungeon (8/15)             Temple (1/1) D:7            Lair (0/6) D:8

Altars:
Cheibriados
Dithmenos
Elyvilon
Gozag
Hepliaklqana
Kikubaaqudgha
Makhleb
Nemelex Xobeh
Okawaru
Qazlal
Ru
Sif Muna
Uskayaw
Vehumet
Wu Jian
Xom
Yredelemnul
Zin
The Shining One

Shops:
D:1 [=(*   D:6 *=!**   D:7 [?=(


Innate Abilities, Weirdness & Mutations

You can breathe waves of freezing cold which knock back foes.
Your icy white scales are hard. (AC +7)
You cannot fit into any form of body armour.
Your flesh is cold resistant. (rC+)
You are cold-blooded and may be slowed by cold attacks.
You are somewhat resistant to further mutation.


Message History

Sif Muna accepts your kill.
You hear a splash.
The hound closely misses you. The hound bites you.
Casting: Hailstorm (dangerous; 6% risk of failure)
Confirm with . or Enter, or press ? or * to list all spells.
Aiming: Freeze (safe; 1% risk of failure)
Press: ? - help, Shift-Dir - straight line, f - hound
Aim: a hound You feel a surge of power!
You freeze the hound!
The hound is heavily wounded.
The electric eel shoots out a bolt of lightning at you!
The bolt of electricity hits you. The hound bites you but does no damage.
Casting: Freeze (safe; 1% risk of failure)
Confirm with . or Enter, or press ? or * to list all spells.
Aiming: Freeze (safe; 1% risk of failure)
Press: ? - help, Shift-Dir - straight line, f/p - hound
Aim: a hound (heavily wounded)
You feel a surge of power!
You freeze the hound!
You kill the hound!
Sif Muna accepts your kill.
You can now call upon Sif Muna for magical energy.
The electric eel shoots out a bolt of lightning at you!
The bolt of electricity hits you!
The electric eel shoots out a bolt of lightning at you!
The bolt of electricity misses you.
The electric eel shoots out a bolt of lightning at you!
The bolt of electricity hits you!
* * * LOW HITPOINT WARNING * * *
The electric eel shoots out a bolt of lightning at you!
The bolt of electricity misses you.
The electric eel shoots out a bolt of lightning at you!
The bolt of electricity hits you!
* * * LOW HITPOINT WARNING * * *
The electric eel shoots out a bolt of lightning at you!
The bolt of electricity misses you.
The electric eel shoots out a bolt of lightning at you!
The bolt of electricity misses you.
The electric eel shoots out a bolt of lightning at you!
The bolt of electricity hits you!
You die...

#.......≈≈≈≈≈.≈≈≈≈...# #.###.###
#......≈..≈S≈.≈≈≈≈≈..# #.##.....
#.......≈≈≈≈.†≈≈≈≈..# #.#...###
#.#....≈.≈≈≈.≈.≈≈.≈.###.......#.
#.#......≈≈≈.≈.≈≈...+......<....
#.#.......≈≈...≈....###.......#.
#.))...............# #.#..##.#.
##)#...............# #.........
#)##########.@.#### #.#####.##
#.# ##+## #.# #...# #.# #.# #.#
#.#.# ###.#### #.# #.# #.#.#
#......# ##.## #)###.#.#
#.#.##.#######...### #.).)...#
#.#................## #####.###
# ####.#######......# #.# #.#
##.#...#######.#


You could see an electric eel.

Vanquished Creatures
  A hydra (D:7)
  A troll (D:8)
  3 hornets (D:7)
  2 water moccasins (D:6)
  2 orc warriors
  2 necrophages
  An ogre (D:7)
  2 wolves (D:8)
  A centaur (D:7)
  2 phantoms
  4 bullfrogs
  3 scorpions
  A water moccasin skeleton (D:6)
  3 killer bees (D:7)
  8 electric eels
  9 wights
  A howler monkey (D:4)
  4 crimson imps (D:7)
  A bullfrog skeleton (D:6)
  5 hounds
  A jelly (D:3)
  A centaur zombie (D:6)
  3 orc priests
  A gnoll shaman (D:6)
  4 iguanas
  An orc wizard (D:7)
  4 adders
  3 gnolls (D:6)
  A howler monkey skeleton (D:4)
  An adder skeleton (D:4)
  2 worms (D:3)
  2 dart slugs
  11 orcs
  2 ball pythons
  5 bats
  6 endoplasms
  2 giant cockroaches (D:1)
  6 goblins
  6 hobgoblins
  4 jackals (D:4)
  A quokka (D:3)
  6 frilled lizards
  7 kobolds
  5 rats
141 creatures vanquished.

Vanquished Creatures (others)
  7 plants (D:7)
7 creatures vanquished.

Grand Total: 148 creatures vanquished

Notes
Turn   | Place    | Note
-------+----------+-------------------------------------------
     0 | D:1      | dracfodder the Draconian Ice Elementalist began the quest
                  | for the Orb.
     0 | D:1      | Reached XP level 1. HP: 14/14 MP: 3/3
    13 | D:1      | Found Suvaru's Jewellery Shop.
   232 | D:1      | Reached XP level 2. HP: 20/20 MP: 3/5
   311 | D:1      | Found Uladoneag's General Store.
   354 | D:1      | Bought a scroll of identify for 22 gold pieces
   356 | D:1      | Gained mutation: Your large and strong wings let you fly.
                  | [potion of mutation]
   356 | D:1      | Lost mutation: Your large and strong wings let you fly.
                  | [potion of mutation]
   356 | D:1      | Gained mutation: You are somewhat resistant to further
                  | mutation. [potion of mutation]
   516 | D:1      | Found Appeass's Antique Weapon Boutique.
   523 | D:1      | Got the Almanac of Harmful Fire
   602 | D:1      | Found Vist's Antique Armour Boutique.
   793 | D:2      | Got the Compendium of the Icy Mountains
  1116 | D:2      | Reached XP level 3. HP: 26/26 MP: 6/6
  1224 | D:2      | Learned a level 2 spell: Ensorcelled Hibernation
  1228 | D:2      | Learned a level 3 spell: Frozen Ramparts
  1616 | D:3      | Reached XP level 4. HP: 31/33 MP: 4/8
  1680 | D:3      | Learned a level 3 spell: Ozocubu's Armour
  2636 | D:3      | Found a sparkling altar of Nemelex Xobeh.
  2962 | D:3      | Found an ornate altar of the Wu Jian Council.
  2962 | D:3      | Found a stormy altar of Qazlal.
  2969 | D:3      | Found a shadowy altar of Dithmenos.
  2971 | D:3      | Found a faded altar of an unknown god.
  2973 | D:3      | Found an iron altar of Okawaru.
  3103 | D:5      | Entered Level 5 of the Dungeon
  3141 | D:4      | Found a snail-covered altar of Cheibriados.
  3141 | D:4      | Found a hazy altar of Hepliaklqana.
  3141 | D:4      | Found a glowing silver altar of Zin.
  3264 | D:4      | Noticed a phantom
  3299 | D:4      | Killed a phantom
  3300 | D:4      | Reached skill level 5 in Ice Magic
  3300 | D:4      | Reached XP level 5. HP: 5/38 MP: 6/11
  3865 | D:4      | Noticed a necrophage
  3895 | D:4      | Killed a necrophage
  3896 | D:4      | Reached skill level 1 in Polearms
  3896 | D:4      | Reached XP level 6. HP: 35/46 MP: 5/12
  4361 | D:6      | Found Onavor's Assorted Antiques.
  4418 | D:6      | Found Ygiet's Jewellery Shoppe.
  4502 | D:6      | Noticed a water moccasin
  4521 | D:6      | Your scales start taking on an icy white colour.
  4521 | D:6      | Reached skill level 7 in Ice Magic
  4521 | D:6      | Reached XP level 7. HP: 41/51 MP: 8/14
  4521 | D:6      | Gained mutation: Your flesh is cold resistant. (rC+) [White
                  | Draconian growth]
  4553 | D:5      | Reached skill level 5 in Spellcasting
  4921 | D:5      | Reached skill level 1 in Fighting
  4921 | D:5      | Reached skill level 1 in Slings
  4964 | D:5      | Learned a level 4 spell: Hailstorm
  5014 | D:6      | Found Xiubuph's Assorted Antiques.
  5014 | D:6      | Found Piti's Distillery.
  5014 | D:6      | Found Utwunei's General Store.
  5575 | D:6      | Reached skill level 1 in Hexes
  5575 | D:6      | Reached XP level 8. HP: 60/61 MP: 9/16
  5739 | D:6      | Bought a potion of degeneration for 13 gold pieces
  5933 | D:6      | Reached skill level 8 in Ice Magic
  6149 | D:6      | Learned a level 3 spell: Mephitic Cloud
  6349 | D:7      | Found Dacefuh's Magic Scroll Shoppe.
  6352 | D:7      | Bought a scroll of magic mapping for 49 gold pieces
  6352 | D:7      | Bought a scroll of magic mapping for 49 gold pieces
  6366 | D:7      | Found Ymaavauss's Jewellery Emporium.
  6383 | D:7      | Found Nucwula's Weapon Shoppe.
  6519 | D:7      | Found a shimmering altar of Xom.
  6540 | D:7      | Paralysed by a crimson imp for 3 turns
  6668 | D:7      | Noticed a hornet
  6670 | D:7      | Noticed a hornet
  6681 | D:7      | Killed a hornet
  6682 | D:7      | Reached skill level 9 in Ice Magic
  6683 | D:7      | Killed a hornet
  6684 | D:7      | Reached XP level 9. HP: 52/67 MP: 4/20
  6893 | D:7      | Found a staircase to the Ecumenical Temple.
  6901 | D:7      | Found Ynac's Antique Armour Emporium.
  7356 | D:7      | Reached skill level 10 in Ice Magic
  7893 | D:7      | Noticed an eight-headed hydra
  7903 | D:7      | Killed an eight-headed hydra
  7904 | D:7      | Reached skill level 1 in Conjurations
  8021 | D:7      | Identified the +3 whip of Courage {flame, rPois}
  8218 | Temple   | Entered the Ecumenical Temple
  8270 | Temple   | Became a worshipper of Sif Muna the Loreminder
  8388 | D:8      | Noticed a troll
  8411 | D:8      | Reached skill level 11 in Ice Magic
  8418 | D:8      | Reached XP level 10. HP: 62/75 MP: 10/22
  8668 | D:8      | Found a staircase to the Lair.
  8685 | D:8      | Reached * piety under Sif Muna
  8688 | D:8      | HP: 2/75 [electric eel/bolt of electricity (12)]
  8696 | D:8      | Killed from afar by an electric eel

Illustrated notes

Levels and vault maps discovered:
D:1:      minmay_arrival_up_and_down, layout_rooms, serial_shops, shop_coins,
          shop, shop, shop
D:2:      layout_basic
D:3:      layout_basic, lemuel_tele_altar, chequers_temple_overflow_minitemple
D:4:      layout_loops_ring, chequers_temple_overflow_statue_of_worship
D:5:      layout_rooms
D:6:      layout_rooms, serial_shops, shop_coins, shop, shop,
          nicolae_stop_n_shop_2, shop, minmay_pentangle
D:7:      cheibrodos_two_vegetables, layout_loops_ring, led_xom_imps,
          minmay_temple_entry_metal_lava, serial_shops,
          nicolae_shop_competitors_out_of_business, shop, shop_statue,
          nicolae_shop_bloodbath_and_beyond
D:8:      layout_loops_corners, nicolae_ashenzari_panopticon, erik_lair_island
Temple:   eino_wide_crystal_templ

Skill      XL: |  1  2  3  4  5  6  7  8  9 10 |
---------------+-------------------------------+-----
Stealth        | 2 3 |  3.0
Spellcasting   | 3 4 5 7 8 9 |  9.2
Ice Magic      | 5 7 9 11 | 11.3
Polearms       | 1 2 3 |  3.6
Dodging        | 2 |  2.9
Fighting       | 1 2 |  2.9
Slings         | 1 2 |  2.6
Hexes          | 1 |  1.7
Conjurations   | 1 |  1.0

Action                   |  1- 3 |  4- 6 |  7- 9 | 10-12 || total
-------------------------+-------+-------+-------+-------++-------
Melee: Spear             |    24 |    98 |   122 |       ||   244
       Tailslap          |     2 |     7 |    17 |       ||    26
       Punch             |       |     1 |     1 |       ||     2
 Fire: Hunting sling     |     8 |    16 |    21 |    25 ||    70
Throw: Stone             |       |     1 |       |       ||     1
 Cast: Freeze            |    27 |    26 |    28 |     8 ||    89
       Ensorcelled Hiber |     7 |    14 |    12 |       ||    33
       Frozen Ramparts   |       |     9 |    20 |     1 ||    30
       Ozocubu's Armour  |       |     5 |    11 |     1 ||    17
       Hailstorm         |       |       |    17 |     4 ||    21
 Abil: Breathe Frost     |       |       |     7 |     1 ||     8
  Use: Scroll            |     2 |     4 |     4 |     4 ||    14
       Potion            |     1 |     4 |     2 |       ||     7
 Stab: Sleeping          |     9 |     7 |     3 |       ||    19
Armor: Skin              |     8 |    38 |    59 |     7 ||   112
Dodge: Dodged            |    12 |    61 |    96 |    21 ||   190

Table legend: (Time is in decaauts)
 A = Elapsed time spent in this place.
 B = Non-inter-level travel time spent in this place.
 C = Inter-level travel time spent in this place.
 D = Time resting spent in this place.
 E = Time spent auto-exploring this place.
 F = Levels seen in this place.
 G = Mean time per level.
                   A        B        C        D        E       F      G
               +--------+--------+--------+--------+--------+-----+--------+
         Total |   8731 |   8561 |    170 |   2682 |   4083 |   9 |  970.1 |
       Dungeon |   8667 |   8518 |    149 |   2682 |   4049 |   8 | 1083.4 |
        Temple |     64 |     43 |     21 |      0 |     34 |   1 |   64.0 |
               +--------+--------+--------+--------+--------+-----+--------+

Top non-repeatable levels by time:
     D:7: 1898 daAuts
     D:3: 1831 daAuts
     D:4: 1258 daAuts
     D:6: 1092 daAuts
     D:5: 933 daAuts
     D:1: 725 daAuts
     D:2: 522 daAuts
     D:8: 405 daAuts
  Temple: 64 daAuts
